AoeStats
← ramnsten

Black Forest

508628582Analyzed
4v4 RM · 10d ago on Sep 23, 2026· 78m 5s· 8 players
Game mode
Random Map
Map size
Large (8 player)
Population
200
Speed
Normal
Resources
Standard
Victory
Conquest
Starting age
Dark Age
Ending age
Imperial Age
RankedLock teamsTeams togetherTeam positionsShared explorationLock speedFull tech treeHidden civsTurbo modeCheats
Victory
Defeat
🇿🇦 Koreans · South Africa
721
+19
🇻🇳 Spanish · Vietnam
699
+26
🇨🇳 Persians · China
684
+20
598
+23
🇨🇳 Franks · China
842
-23
🇨🇳 Byzantines · China
841
-23
🇨🇳 Wei · China
787
-21
🇧🇷 Franks · Brazil
646
-15
sheldongriffinjohnson
12:07 Feudal Age
15:17 Double-Bit Axe
21:18 Castle Age
24:51 Fortified Wall
27:23 Pikeman
28:13 Squires
29:42 Fishing Lines
34:08 Imperial Age
31:38 Gold Mining
31:42 Gillnets
36:03 Wheelbarrow
36:03 Conscription
36:47 Gold Shaft Mining
36:51 Elite War Wagon
38:09 Bow Saw
40:42 Elite Fire Lancer
44:03 Two-Man Saw
43:39 Hand Cart
44:56 Chemistry
46:39 Masonry
52:13 Heavy Rocket Cart
57:09 Halberdier
京圈狂人
13:52 Feudal Age
14:13 Fishing Lines
14:22 Double-Bit Axe
15:20 Wheelbarrow
14:29 Horse Collar
21:53 Castle Age
22:50 Hand Cart
22:58 Bow Saw
24:48 Stone Mining
29:30 Hand Cart
29:10 Gillnets
42:29 Imperial Age
40:33 Padded Archer Armor
40:23 Fletching
40:44 Forging
40:39 Scale Barding Armor
40:35 Scale Mail Armor
41:29 Stone Shaft Mining
40:46 Gold Mining
41:03 Heavy Plow
41:42 Leather Archer Armor
42:42 Town Watch
42:46 Loom
44:04 Chemistry
42:54 Heated Shot
43:29 Conscription
42:33 Elite War Elephant
44:57 Chain Barding Armor
44:52 Chain Mail Armor
44:33 Bodkin Arrow
54:29 Plate Barding Armor
54:25 Plate Mail Armor
54:30 Iron Casting
54:26 Ring Archer Armor
59:14 Cavalier
61:10 Savar
70:29 Sappers
71:37 Hoardings
74:32 Husbandry
73:58 Light Cavalry
74:48 Bloodlines
do.minhdes
别投降,我曰尼玛
0:28 Loom
15:34 Feudal Age
16:04 Double-Bit Axe
16:00 Horse Collar
18:42 Gold Mining
18:43 Stone Mining
25:57 Castle Age
26:49 Bow Saw
26:41 Heavy Plow
27:17 Gold Shaft Mining
27:33 Treadmill Crane
28:03 Fortified Wall
28:14 Ballistics
28:05 Masonry
29:28 Yasama
30:29 Wheelbarrow
29:39 Town Watch
32:24 Hand Cart
38:16 Imperial Age
38:19 Elite Samurai
39:21 Conscription
39:22 Kataparuto
39:18 Forging
39:09 Scale Mail Armor
40:43 Chemistry
39:30 Arrowslits
39:37 Arson
39:52 Squires
43:26 Iron Casting
47:21 Two-Man Saw
46:53 Town Patrol
48:27 Blast Furnace
51:13 Chain Mail Armor
忙着摸鱼
10:25 Feudal Age
11:02 Double-Bit Axe
12:47 Fishing Lines
12:52 Horse Collar
13:49 Loom
20:34 Castle Age
19:42 Gold Mining
19:43 Stone Mining
22:38 Bow Saw
22:42 Gillnets
25:22 Forging
25:18 Scale Barding Armor
26:10 Wheelbarrow
28:37 Imperial Age
26:22 Treadmill Crane
26:39 Murder Holes
27:14 Town Watch
27:44 Hand Cart
28:07 Iron Casting
27:49 Caravan
28:44 Town Watch
29:14 Hand Cart
30:29 Husbandry
30:40 Bloodlines
29:51 Heavy Hei Guang Cavalry
30:55 Conscription
31:41 Gold Shaft Mining
32:07 Chain Barding Armor
32:12 Heavy Plow
31:51 Light Cavalry
33:18 Ming Guang Armor
33:18 Ballistics
33:09 Masonry
34:15 Town Patrol
35:25 Stone Shaft Mining
34:45 Hussar
36:47 Chemistry
36:00 Fortified Wall
36:09 Tuntian
36:45 Hoardings
39:45 Blast Furnace
ramnsten
11:39 Feudal Age
13:11 Wheelbarrow
12:44 Double-Bit Axe
15:32 Gold Mining
17:02 Stone Mining
21:01 Castle Age
19:56 Scale Barding Armor
25:12 Gold Shaft Mining
24:59 Bow Saw
28:36 Hand Cart
32:07 Husbandry
31:29 Light Cavalry
35:05 Forging
34:55 Scale Mail Armor
34:56 Padded Archer Armor
34:46 Fletching
35:17 Chain Barding Armor
38:49 Imperial Age
39:11 Chain Mail Armor
39:33 Iron Casting
39:15 Leather Archer Armor
38:57 Bodkin Arrow
39:40 Arson
39:56 Squires
39:41 Gambesons
39:17 Man-at-Arms
39:18 Pikeman
39:41 Cavalier
41:54 Chemistry
41:06 Paladin
44:10 Plate Barding Armor
44:37 Blast Furnace
44:10 Plate Mail Armor
50:41 Siphons
331165679
11:54 Feudal Age
12:22 Fishing Lines
12:33 Double-Bit Axe
19:45 Castle Age
19:44 Gold Mining
19:46 Stone Mining
21:32 Gillnets
22:06 Bow Saw
23:47 Horse Collar
24:49 Gold Shaft Mining
24:50 Stone Shaft Mining
28:23 Scale Barding Armor
28:29 Forging
30:28 Treadmill Crane
33:38 Imperial Age
31:49 Wheelbarrow
32:23 Caravan
34:00 Chain Barding Armor
34:17 Iron Casting
35:45 Two-Man Saw
34:47 Heavy Plow
36:03 Hand Cart
37:37 Plate Barding Armor
37:44 Crop Rotation
38:08 Conscription
37:58 Logistica
37:10 Elite Cataphract
39:03 Husbandry
41:25 Loom
49:49 Hoardings
49:15 Greek Fire
62:36 Pikeman
63:17 Squires
63:03 Gambesons
63:03 Arson
65:21 Halberdier
67:28 Scale Mail Armor
Noob.
0:45 Loom
13:45 Feudal Age
15:39 Forging
15:01 Man-at-Arms
16:31 Scale Mail Armor
16:28 Arson
24:59 Castle Age
23:29 Scale Barding Armor
23:45 Gold Mining
25:45 Double-Bit Axe
25:41 Long Swordsman
26:22 Squires
29:56 Bow Saw
30:03 Caravan
30:28 Chain Barding Armor
38:00 Imperial Age
38:07 Imperial Age
36:44 Iron Casting
38:00 Gold Shaft Mining
39:17 Conscription
38:21 Cavalier
39:05 Husbandry
38:46 Pikeman
40:59 Blast Furnace
39:38 Halberdier
40:53 Chivalry
40:39 Capped Ram
41:31 Paladin
42:52 Plate Barding Armor
43:10 Chain Mail Armor
46:35 Plate Mail Armor
46:48 Plate Mail Armor
Connection lost

Rejoining the realm…

Still unreachable

The connection could not be restored.

Session expired

The server has moved on; the page needs a fresh start.